 Dungeon Crawl Stone Soup version 0.16-a0-3708-g05dc7d7 (webtiles) character file.

5772 grisnicke the Cleaver (level 11, -8/86 HPs)
             Began as a Formicid Fighter on Jan 19, 2015.
             Was a Believer of Qazlal.
             Mangled by a hill giant
             ... wielding a +0 giant club
              (26 damage)
             ... on level 10 of the Dungeon.
             The game lasted 00:46:38 (8795 turns).

grisnicke the Cleaver (Formicid Fighter)            Turns: 8795, Time: 00:46:38

Health: -8/86      AC:  8    Str: 23    XL:     11   Next: 6%
Magic:  22/22      EV:  8    Int:  8    God:    Qazlal [**....]
Gold:   531        SH: 13    Dex: 13    Spells: 0 memorised, 10 levels left

rFire  . . .     SeeInvis +     a - +0 war axe
rCold  . . .     Clarity  .     s - +0 scale mail
rNeg   . . .     SustAb   .     c - +0 shield
rPois  .         Gourm    .     (helmet unavailable)
rElec  .         Spirit   .     (no cloak)
rCorr  .         Warding  .     (no gloves)
rMut   .         Stasis   +     p - +0 pair of boots
MR     ++...                    (no amulet)
Stlth  ..........               I - +2 ring of strength
                                m - ring of protection from magic

@: very resistant to hostile enchantments, extremely unstealthy
A: permanent stasis, dig shafts and tunnels, four strong arms, antennae 3
a: Dig, Shaft Self, Upheaval, Renounce Religion


You were on level 10 of the Dungeon.
You worshipped Qazlal.
Qazlal was pleased with you.
You were hungry.

You visited 1 branch of the dungeon, and saw 10 of its levels.

You collected 531 gold pieces.

Inventory:

Hand weapons
 a - a +0 war axe (weapon)
Missiles
 h - 47 stones (quivered)
 i - 5 tomahawks
 u - 17 poisoned needles
Armour
 c - a +0 shield (worn)
 p - a +0 pair of boots (worn)
 s - a +0 scale mail (worn)
 H - a +0 plate armour
 L - a +1 cloak of magic resistance
Jewellery
 m - a ring of protection from magic (left hand)
 n - a +3 ring of intelligence
 t - an uncursed ring of stealth
 G - an uncursed ring of sustain abilities
 I - a +2 ring of strength (right hand)
 J - an uncursed ring of ice
Magical devices
 b - a wand of confusion (20)
 g - a wand of draining (6)
 y - a wand of confusion (19)
 z - a wand of paralysis (12)
 Q - a wand of draining (2)
Scrolls
 q - a scroll of fear {unknown}
 r - a scroll of enchant weapon {unknown}
 w - a scroll of fog
 A - a scroll of magic mapping
 D - a scroll of immolation {unknown}
 E - a scroll of enchant armour {unknown}
 K - a scroll of identify
 N - a scroll of recharging {unknown}
 P - a scroll of summoning {unknown}
Potions
 e - 4 potions of might
 f - a potion of invisibility
 k - 4 potions of restore abilities
 l - 2 potions of cure mutation
 x - 2 potions of resistance
 B - a potion of cancellation
 C - 7 potions of curing {unknown}
 O - a potion of agility {unknown}
 R - a potion of brilliance {unknown}
Books
 j - a book of Party Tricks

   Spells                             Type                      Level
   a - Summon Butterflies             Summoning                    1
   b - Apportation                    Translocation                1
   c - Tukima's Dance                 Hexes                        3
   d - Alistair's Intoxication        Transmutation/Poison         4
   e - Invisibility                   Hexes                        6
 M - a book of Ice

   Spells                             Type                      Level
   a - Ice Form                       Ice/Transmutation            4
   b - Metabolic Englaciation         Hexes/Ice                    5
   c - Ozocubu's Refrigeration        Ice                          6
   d - Bolt of Cold                   Conjuration/Ice              6
   e - Freezing Cloud                 Conjuration/Ice/Air          6
   f - Simulacrum                     Ice/Necromancy               6
Comestibles
 d - 11 bread rations
 o - 10 fruits
 v - a meat ration


   Skills:
 - Level 8.1 Fighting
 - Level 12.0 Axes
 - Level 3.2 Armour
 - Level 6.0 Shields
 + Level 4.7 Invocations
 - Level 6.0 Evocations


You had 10 spell levels left.
You didn't know any spells.

Dungeon Overview and Level Annotations

Branches:
Dungeon (10/15)            Temple (0/1) D:6            Lair (0/8) D:9
    Orc (0/4) D:9

Altars:
Ashenzari
Cheibriados
Dithmenos
Fedhas
Kikubaaqudgha
Makhleb
Nemelex Xobeh
Okawaru
Qazlal
Trog
Vehumet
Xom

Shops:
D:4 }


Innate Abilities, Weirdness & Mutations

You are under a permanent stasis effect.
You can dig through walls and to a lower floor.
Your four strong arms can wield two-handed weapons with a shield.
You have a pair of large antennae on your head (SInv).


Message History

Okay, then.
Evoke which item? (* to show all) (? for menu, Esc to quit)
Okay, then.
Evoke which item? (* to show all) (? for menu, Esc to quit)
Zapping:
z - a wand of paralysis {zapped: 2} (will waste charges)
Press: ? - help, Shift-Dir - straight line, f/p - hill giant
Aim: a hill giant, wielding a giant club (lightly wounded, chance 41%)
Okay, then.
Unknown command.
Unknown command.
Drink which item? (? for menu, Esc to quit)
Okay, then.
Read which item? (? for menu, Esc to quit)
Okay, then.
Use which ability? (? or * to list)
You extend your mandibles.
You dig through the rock wall.
You dig through the rock wall.
The hill giant hits you with a giant club!!
You die...

.. ####.#####..# #)# .######
#....##.....# #.####
..#...###.####......###รท(..##
#.#.......# #....#..#...(..#
#.#....#######...(##......(()
#####.#.(..####......###......)).
#............a.J###..# #.........
.(###.#.)....##C###..###.........
#.#.......##@#...#...........
#.#.....).####...#(J.........
#.#..............#..........#
..........#...##.#.........##
.........................###
...##.....#.####.........# ..
##..#...#####<.......#
..........{...........#
...#.................#


You could see a hill giant, a jelly and a worker ant.

Vanquished Creatures
  An unseen horror (D:9)
  Maurice (D:9)
  A fire drake (D:9)
  Grinder (D:4)
  A shadow (D:10)
  A spriggan (D:7)
  Eustachio (D:7)
  A steam dragon (D:10)
  Grum (D:9)
  2 wolves (D:9)
  A hippogriff (D:10)
  An ice beast (D:7)
  A water moccasin (D:8)
  5 centaurs
  An orc warrior (D:9)
  3 sky beasts
  2 phantoms
  2 eyes of draining (D:4)
  A wasp (D:7)
  4 ogres
  Blork the orc (D:4)
  2 big kobolds (D:10)
  2 giant frogs
  A water moccasin skeleton (D:5)
  6 scorpions
  A jelly (D:10)
  3 killer bees (D:9)
  A goliath beetle (D:6)
  3 wights
  A crimson imp (D:8)
  4 giant frog zombies
  A wasp zombie (D:10)
  4 hounds
  A giant frog skeleton (D:10)
  2 worker ants
  2 quasits
  Ijyb (D:4)
  A hound zombie (D:10)
  4 gnolls
  A worker ant zombie (D:10)
  8 adders
  2 shadow imps
  3 white imps (D:7)
  3 worms
  An adder zombie (D:9)
  4 giant geckos
  16 orcs
  3 giant cockroaches
  15 goblins
  12 hobgoblins
  12 jackals
  6 quokkas
  2 ball pythons
  10 bats
  6 giant newts
  A jackal zombie (D:7)
  19 kobolds
  A quokka zombie (D:6)
  16 rats
214 creatures vanquished.

Notes
Turn   | Place    | Note
--------------------------------------------------------------
     0 | D:1      | grisnicke, the Formicid Fighter, began the quest for the Orb.
     0 | D:1      | Reached XP level 1. HP: 18/18 MP: 1/1
    34 | D:1      | Reached XP level 2. HP: 16/24 MP: 3/3
   522 | D:1      | Reached XP level 3. HP: 29/29 MP: 4/4
   988 | D:2      | You fall through a shaft for 2 floors!
  1018 | D:3      | Reached skill level 4 in Axes
  1018 | D:3      | Reached XP level 4. HP: 32/35 MP: 5/5
  2022 | D:4      | Reached skill level 5 in Axes
  2022 | D:4      | Reached XP level 5. HP: 37/41 MP: 7/7
  2029 | D:4      | Found Qeleef's Gadget Emporium.
  2116 | D:4      | Noticed a phantom
  2378 | D:3      | Reached XP level 6. HP: 10/47 MP: 8/8
  2633 | D:4      | Reached skill level 6 in Axes
  2781 | D:4      | Noticed Grinder
  2858 | D:4      | Noticed a scorpion
  2863 | D:4      | Killed a scorpion
  2873 | D:4      | Noticed a scorpion
  2879 | D:4      | Killed a scorpion
  2879 | D:4      | Reached skill level 7 in Axes
  2879 | D:4      | Reached XP level 7. HP: 49/52 MP: 9/9
  2895 | D:3      | Found a shadowy altar of Dithmenos.
  2982 | D:4      | Found an ancient bone altar of Kikubaaqudgha.
  3106 | D:4      | Killed Grinder
  3106 | D:4      | Reached skill level 8 in Axes
  3327 | D:4      | Killed a phantom
  3327 | D:4      | Reached XP level 8. HP: 44/58 MP: 11/11
  3377 | D:4      | Found a bloodstained altar of Trog.
  3377 | D:4      | Noticed an eye of draining
  3394 | D:4      | Noticed an eye of draining
  3400 | D:4      | Killed an eye of draining
  3405 | D:4      | Killed an eye of draining
  3405 | D:4      | Reached skill level 9 in Axes
  3499 | D:4      | Noticed Blork the orc
  3516 | D:4      | Killed Blork the orc
  3563 | D:4      | Noticed a centaur
  3570 | D:4      | Killed a centaur
  3731 | D:4      | Noticed Ijyb
  3759 | D:4      | Killed Ijyb
  3848 | D:5      | Entered Level 5 of the Dungeon
  4157 | D:5      | Reached skill level 10 in Axes
  4481 | D:6      | Found a stormy altar of Qazlal.
  4498 | D:6      | Found a blossoming altar of Fedhas.
  4501 | D:6      | Became a worshipper of Qazlal Stormbringer
  4576 | D:6      | Found a bloodstained altar of Trog.
  4680 | D:6      | Found a shadowy altar of Dithmenos.
  4680 | D:6      | Found an iron altar of Okawaru.
  4739 | D:6      | Reached XP level 9. HP: 59/64 MP: 12/12
  4956 | D:6      | Reached skill level 11 in Axes
  5116 | D:6      | Found a staircase to the Ecumenical Temple.
  5234 | D:7      | HP: 3/64 [poisoned by a gnoll]
  5242 | D:7      | HP: 3/64 [poisoned by a gnoll]
  5678 | D:7      | Acquired Qazlal's first power
  5679 | D:7      | Found a sparkling altar of Nemelex Xobeh.
  5697 | D:7      | Found a burning altar of Makhleb.
  6030 | D:7      | Noticed Eustachio
  6057 | D:7      | Killed Eustachio
  6084 | D:7      | Reached skill level 12 in Axes
  6307 | D:7      | Found a radiant altar of Vehumet.
  6311 | D:7      | Found a snail-covered altar of Cheibriados.
  6314 | D:7      | Found a shimmering altar of Xom.
  6367 | D:7      | Found a staircase to the Ecumenical Temple.
  6438 | D:7      | Reached skill level 1 in Evocations
  6868 | D:8      | Reached skill level 5 in Fighting
  6868 | D:8      | Reached XP level 10. HP: 63/74 MP: 18/18
  7603 | D:9      | Noticed an unseen horror
  7626 | D:9      | Killed an unseen horror
  7707 | D:9      | Found a staircase to the Lair.
  7741 | D:9      | Noticed Maurice
  7755 | D:9      | Killed Maurice
  7765 | D:9      | Found a staircase to the Orcish Mines.
  7824 | D:9      | Reached skill level 5 in Shields
  7894 | D:9      | Found a shattered altar of Ashenzari.
  7901 | D:9      | Noticed Grum
  7928 | D:9      | Killed Grum
  8247 | D:10     | Entered Level 10 of the Dungeon
  8254 | D:10     | Acquired Qazlal's second power
  8464 | D:10     | Reached skill level 1 in Invocations
  8578 | D:10     | Reached XP level 11. HP: 70/86 MP: 22/22
  8736 | D:10     | Noticed a hill giant
  8795 | D:10     | Mangled by a hill giant

Action                   |  1- 3 |  4- 6 |  7- 9 | 10-12 || total
-------------------------+-------+-------+-------+-------++-------
Melee: War axe           |   142 |   189 |   436 |   241 ||  1008
Throw: Stone             |     2 |    17 |    32 |     2 ||    53
       Tomahawk          |       |     3 |       |       ||     3
 Abil: Dig               |       |       |     1 |     1 ||     2
Evoke: Wand              |       |       |     4 |     3 ||     7
  Use: Scroll            |     5 |     3 |     8 |     1 ||    17
       Potion            |       |     1 |     1 |     1 ||     3
 Stab: Confused          |       |       |     2 |     1 ||     3
  Eat: Chunk             |     1 |     5 |    12 |     6 ||    24
       Beef jerky        |       |     1 |       |       ||     1
       Fruit             |       |       |     1 |       ||     1
